 Dungeon Crawl Stone Soup version 0.32-a0-361-g289a535e89 (webtiles) character file.

Game seed: 10593503456410214499

1370 AutarchDCSS the Skirmisher (level 8, -3/51 HPs)
             Began as a Gargoyle Hunter on Feb 18, 2024.
             Slain by an ice beast (13 damage)
             ... on level 6 of the Dungeon.
             The game lasted 00:12:27 (6577 turns).

AutarchDCSS the Skirmisher (Gargoyle Hunter)        Turns: 6577, Time: 00:12:27

Health: -3/51      AC: 11    Str: 17    XL:     8   Next: 65%
Magic:  8/8        EV: 13    Int: 10    God:
Gold:   215        SH:  0    Dex: 17    Spells: 7/7 levels left

rFire   . . .        l - +0 dagger (venom)
rCold   . . .        (no shield)
rNeg    + + +        o - +1 robe of the Last Tales {Fly rN+ rCorr Str+2}
rPois   ∞            w - +1 helmet of the Enchanted Forest {rElec rN+ Dex+2 SInv}
rElec   +            (no cloak)
rCorr   +            n - +0 pair of gloves
SInv    +            (no boots)
Will    .....        (no amulet)
Stlth   ++           (no ring)
HPRegen 0.28/turn    (no ring)
MPRegen 0.11/turn

%: no passive effects
@: flying
A: sickness immunity, AC +5, negative energy resistance 1, electricity
resistance, torment resistance 1, petrification resistance
a: no special abilities


You were on level 6 of the Dungeon.
You visited 2 branches of the dungeon, and saw 8 of its levels.

You collected 215 gold pieces.

Inventory:

Hand Weapons
 a - a +1 shortbow
 l - a +0 dagger of venom (weapon)
 s - a +2 rapier of venom
Missiles
 g - 5 poisoned darts
 k - 6 curare-tipped darts
Armour
 c - a +0 leather armour
 h - a +0 helmet
 n - a +0 pair of gloves (worn)
 o - the +1 robe of the Last Tales (worn) {Fly rN+ rCorr Str+2}
   (You found it on level 2 of the Dungeon)

   Str+2:     It affects your strength (+2).
   rN+:       It protects you from negative energy.
   Fly:       It grants you flight.
   rCorr:     It protects you from acid and corrosion.
 w - the +1 helmet of the Enchanted Forest (worn) {rElec rN+ Dex+2 SInv}
   (You found it on level 4 of the Dungeon)

   Dex+2:     It affects your dexterity (+2).
   rElec:     It insulates you from electricity.
   rN+:       It protects you from negative energy.
   SInv:      It lets you see invisible.
Jewellery
 f - an amulet of faith
Wands
 v - a wand of flame (18)
Scrolls
 b - a scroll of teleportation {unknown}
 z - a scroll of immolation
Potions
 d - a potion of enlightenment
 e - a potion of mutation
 i - a potion of resistance {unknown}
 j - 2 potions of magic {unknown}
 q - 2 potions of curing
 r - a potion of haste {unknown}
 x - 2 potions of lignification {unknown}
 A - a potion of berserk rage {unknown}
 B - a potion of might


   Skills:
 - Level 6.0 Fighting
 - Level 9.0 Ranged Weapons
 + Level 3.7 Dodging
 - Level 1.1 Stealth


You had 7 spell levels left.
You didn't know any spells.
Your spell library was empty.

Dungeon Overview and Level Annotations

Branches:
Dungeon (7/15)             Temple (1/1) D:4

Altars:
Dithmenos
Elyvilon
Fedhas
Gozag
Hepliaklqana
Kikubaaqudgha
Makhleb
Qazlal
Ru
Sif Muna
Trog
Uskayaw
Vehumet
Wu Jian
Xom
Yredelemnul
Zin
The Shining One

Shops:
D:1 :   D:4 (

Annotations:
D:2 1 runed translucent door, Crazy Yiuf


Innate Abilities, Weirdness & Mutations

You are immune to sickness and miasma.
Your stone body is resilient. (AC +5)
You are immune to poison.
You resist negative energy. (rN+)
You are resistant to electric shocks. (rElec)
You are resistant to unholy torment.
You are immune to petrification.


Message History

Aim: an ice beast (lightly wounded, 68% to hit)
The puff of flame hits the ice beast!
The ice beast melts!
The ice beast is moderately wounded.
Unknown command.
Unknown command.
Aiming: Throw Flame
Press: ? - help, Shift-Dir - straight line, f/p - ice beast
Aim: an ice beast (moderately wounded, 68% to hit)
The puff of flame hits the ice beast!
The ice beast melts!
The ice beast is severely wounded.
Aiming: Throw Flame
Press: ? - help, Shift-Dir - straight line, f/p - ice beast
Aim: an ice beast (severely wounded, 68% to hit)
The puff of flame hits the ice beast but does no damage.
The ice beast is severely wounded.
Aiming: Throw Flame
Press: ? - help, Shift-Dir - straight line, f/p - ice beast
Aim: an ice beast (severely wounded, 68% to hit)
The puff of flame hits the ice beast.
The ice beast is severely wounded.
The ice beast hits you. The ice beast freezes you!
* * * LOW HITPOINT WARNING * * *
Aiming: Throw Flame
Press: ? - help, Shift-Dir - straight line, f/p - ice beast
Aim: an ice beast (severely wounded, 68% to hit)
The puff of flame misses the ice beast.
The ice beast misses you.
Aiming: Throw Flame
Press: ? - help, Shift-Dir - straight line, f/p - ice beast
Aim: an ice beast (severely wounded, 68% to hit)
The puff of flame hits the ice beast!
The ice beast melts!
The ice beast is almost dead.
The ice beast hits you.
* * * LOW HITPOINT WARNING * * *
The ice beast freezes you!
* * * LOW HITPOINT WARNING * * *
Okay, then.
You feel better. The ice beast hits you.
* * * LOW HITPOINT WARNING * * *
The ice beast freezes you!
You die...

### #.# #.. ..# #.# #.# #.# #.#
###.# #.# ....####.# #........#
########## #........# ##........#
#........# ##..†@.....#
#........###?...Y.....#
#..........#..........# #
#........#.#....(.#.#.# #.
#........#.#.#.#..#.#.# ##.#.#.#.
#........#.#.#.#..#.#.#.##.#.#...
#.######.#.#.#†#..#.#.#.##.#...#.
# #.#.....####.....##.#..... #
....................#..#.....


You could see an ice beast.

Vanquished Creatures
  2 steam dragons
  2 water moccasins
  An orc warrior (D:7)
  A centaur (D:5)
  2 kobold brigands (D:5)
  A howler monkey (D:6)
  An orc priest (D:7)
  A hound (D:5)
  A sleepcap (D:5)
  2 iguanas
  4 orc wizards
  2 gnolls (D:4)
  7 adders
  A shadow imp (D:7)
  3 white imps
  2 ufetubi (D:6)
  3 dart slugs
  A ribbon worm (D:2)
  14 orcs
  3 bats
  6 endoplasms
  4 giant cockroaches
  9 hobgoblins
  10 jackals
  2 quokkas
  5 ball pythons
  3 frilled lizards
  12 goblins
  11 kobolds
  3 rats
119 creatures vanquished.

Notes
Turn   | Place    | Note
-------+----------+-------------------------------------------
     0 | D:1      | AutarchDCSS the Gargoyle Hunter began the quest for the
                  | Orb.
     0 | D:1      | Reached XP level 1. HP: 12/12 MP: 1/1
   116 | D:1      | Found Jolig's Book Shop.
   126 | D:1      | Reached XP level 2. HP: 17/17 MP: 2/2
   368 | D:1      | Found a faded altar of an unknown god.
   413 | D:1      | Reached XP level 3. HP: 16/21 MP: 3/3
   430 | D:1      | Reached skill level 5 in Ranged Weapons
  1101 | D:2      | Reached XP level 4. HP: 26/26 MP: 4/4
  1275 | D:2      | Identified the +1 robe of the Last Tales {Fly rN+ rCorr
                  | Str+2}
  1702 | D:2      | Identified the +7 hammer of Avykk {heavy, rF+}
  1705 | D:2      | Found a runed translucent door.
  1706 | D:2      | Noticed Crazy Yiuf
  1826 | D:2      | Reached skill level 6 in Ranged Weapons
  2117 | D:3      | Found a stormy altar of Qazlal.
  2174 | D:3      | Reached XP level 5. HP: 30/30 MP: 5/5
  2931 | D:4      | Found Maurij's Weapon Emporium.
  3096 | D:4      | Found a staircase to the Ecumenical Temple.
  3103 | Temple   | Entered the Ecumenical Temple
  3186 | D:4      | Reached skill level 7 in Ranged Weapons
  3203 | D:4      | Reached XP level 6. HP: 15/35 MP: 6/6
  3333 | D:4      | Identified the +1 helmet of the Enchanted Forest {rElec rN+
                  | Dex+2 SInv}
  3460 | D:4      | Found a radiant altar of Vehumet.
  4025 | D:5      | Entered Level 5 of the Dungeon
  4201 | D:5      | Noticed a water moccasin
  4242 | D:4      | Killed a water moccasin
  4243 | D:4      | Reached skill level 8 in Ranged Weapons
  4746 | D:5      | Reached XP level 7. HP: 36/40 MP: 7/7
  5986 | D:6      | Found a sacrificial altar of Ru.
  6114 | D:6      | You are sucked into a shaft and drop 1 floor!
  6116 | D:7      | Identified the +0 robe "Nuoc" {Will+ MP+9 Str+2}
  6144 | D:7      | Reached skill level 9 in Ranged Weapons
  6144 | D:7      | Reached XP level 8. HP: 46/48 MP: 8/8
  6167 | D:7      | Reached skill level 5 in Fighting
  6577 | D:6      | Slain by an ice beast

Illustrated notes

Levels and vault maps discovered:
D:1:      tarquinn_simple_flora_water_e, layout_rooms,
          shapermc_ecumenical_altar_venn, serial_shops, shop
D:2:      minmay_angry_zag, layout_basic, uniq_crazy_yiuf_cottage
D:3:      layout_loops_corners, nicolae_qazlal_scattered_showers
D:4:      layout_loops_ring, old_standard_altar,
          minmay_temple_entry_statues_fountains, serial_shops,
          nicolae_square_shop, amcnicky_mini_rare_corridor_liquid, st_stairs_9
D:5:      cheibrodos_thug_alley, layout_basic
D:6:      layout_basic, general_overflow_altar, nicolae_ru_awakened_eye,
          minmay_misc_feat_ornament
D:7:      layout_gridville
Temple:   nicolae_temple_no_exploring_needed

Skill      XL: |  1  2  3  4  5  6  7  8 |
---------------+-------------------------+-----
Ranged Weapons | 5 6 7 8 9 |  9.0
Fighting       | 4 6 |  6.0
Dodging        | 3 |  3.7
Stealth        | |  1.1

Action                     |  1- 3 |  4- 6 |  7- 9 || total
---------------------------+-------+-------+-------++-------
  Melee: Dagger            |       |       |    10 ||    10
   Fire: Shortbow          |    92 |   224 |   215 ||   531
  Evoke: Wand              |       |       |    11 ||    11
    Use: Scroll            |       |     4 |    10 ||    14
         Potion            |       |     2 |     1 ||     3
 Armour: Leather armour    |    33 |       |       ||    33
         Robe              |       |    83 |    72 ||   155
  Dodge: Dodged            |    28 |    60 |    91 ||   179

Table legend: (Time is in decaauts)
 A = Elapsed time spent in this place.
 B = Non-inter-level travel time spent in this place.
 C = Inter-level travel time spent in this place.
 D = Time resting spent in this place.
 E = Time spent auto-exploring this place.
 F = Levels seen in this place.
 G = Mean time per level.
                   A        B        C        D        E       F      G
               +--------+--------+--------+--------+--------+-----+--------+
         Total |   6603 |   6428 |    175 |   1774 |   3611 |   8 |  825.4 |
       Dungeon |   6590 |   6415 |    175 |   1774 |   3611 |   7 |  941.4 |
        Temple |     13 |     13 |      0 |      0 |      0 |   1 |   13.0 |
               +--------+--------+--------+--------+--------+-----+--------+

Top non-repeatable levels by time:
     D:4: 1370 daAuts
     D:5: 1260 daAuts
     D:3: 1100 daAuts
     D:2: 1086 daAuts
     D:1: 995 daAuts
     D:6: 435 daAuts
     D:7: 341 daAuts
  Temple: 13 daAuts
